 Dungeon Crawl Stone Soup version 0.29.1-15-g9cfb28693d (webtiles) character file.

Game seed: 6924818116093107276

824 zeram the Shield-Bearer (level 7, -1/49 (60) HPs)
             Began as a Gnoll Fighter on Apr 24, 2023.
             Killed from afar by Edmund (8 damage)
             ... with a puff of flame
             ... on level 5 of the Dungeon.
             The game lasted 00:06:21 (5506 turns).

zeram the Shield-Bearer (Gnoll Fighter)             Turns: 5506, Time: 00:06:22

HP:   -1/49 (60)    AC:  7    Str: 17    XL:     7   Next: 96%
MP:   11/11         EV: 10    Int:  7    God:
Gold: 258           SH:  5    Dex: 12    Spells: 11/11 levels left

rFire   . . .      SeeInvis .   r - +4 whip
rCold   . . .      Faith    .   c - +0 buckler
rNeg    . . .      Spirit   .   b - +0 scale mail
rPois   .          Reflect  .   (no helmet)
rElec   .          Harm     .   (no cloak)
rCorr   .          Rampage  .   (no gloves)
Will    .....                   (no boots)
Stlth   +.........              (no amulet)
HPRegen 0.16/turn               (no ring)
MPRegen 0.12/turn               (no ring)

@: heavily drained
A: fangs 1, strong nose, distributed training
a: no special abilities


You were on level 5 of the Dungeon.
You visited 1 branch of the dungeon, and saw 5 of its levels.

You collected 258 gold pieces.

Inventory:

Hand Weapons
 a - a +0 war axe
 r - a +4 whip (weapon)
Armour
 b - a +0 scale mail (worn)
 c - a +0 buckler (worn)
 t - a scarf of shadows
Jewellery
 h - an amulet of magic regeneration
 o - a +6 ring of strength
 p - an amulet of faith
Wands
 j - a wand of charming (2)
Scrolls
 d - a scroll of poison {unknown}
 e - 2 scrolls of teleportation
 g - 5 scrolls of immolation
 l - a scroll of vulnerability
 n - a scroll of identify
 u - a scroll of fog {unknown}
Potions
 f - a potion of attraction
 i - a potion of cancellation
 m - a potion of mutation
 q - a potion of resistance
 s - a potion of magic {unknown}


   Skills:
 + Level 7.2 Fighting
 + Level 2.9 Short Blades
 + Level 2.9 Long Blades
 + Level 5.5 Axes
 + Level 2.9 Maces & Flails
 + Level 2.9 Polearms
 + Level 2.9 Staves
 + Level 2.9 Ranged Weapons
 + Level 2.9 Throwing
 + Level 7.2 Armour
 + Level 2.9 Dodging
 + Level 2.9 Stealth
 + Level 7.2 Shields
 + Level 2.9 Unarmed Combat
 + Level 2.9 Spellcasting
 + Level 2.3 Conjurations
 + Level 2.3 Hexes
 + Level 2.3 Summonings
 + Level 2.3 Necromancy
 + Level 2.3 Translocations
 + Level 2.3 Transmutations
 + Level 2.3 Fire Magic
 + Level 2.3 Ice Magic
 + Level 2.3 Air Magic
 + Level 2.3 Earth Magic
 + Level 2.3 Poison Magic
 + Level 3.2 Invocations
 + Level 2.9 Evocations


You had 11 spell levels left.
You didn't know any spells.
Your spell library contained the following spells:

 Spells                   Type           Power      Damage    Failure   Level
 Call Canine Familiar     Summ           4%         N/A       82%         3
 Dazzling Flash           Conj/Hex       8%         N/A       82%         3
 Ignite Poison            Fire/Tmut/Pois 4%         N/A       82%         3
 Mephitic Cloud           Conj/Pois/Air  4%         N/A       82%         3
 Portal Projectile        Hex/Tloc       8%         N/A       82%         3
 Iskenderun's Mystic Bla  Conj/Tloc      4%         2d3       99%         4
 Leda's Liquefaction      Hex/Erth       2%         N/A       99%         4
 Freezing Cloud           Conj/Ice/Air   2%         6-21      100%        5
 Starburst                Conj/Fire      2%         6d3       100%        6


Dungeon Overview and Level Annotations

Branches:
Dungeon (5/15)
 Temple: D:4-7

Altars:
Dithmenos
Wu Jian
Yredelemnul
Zin

Annotations:
D:5 Edmund


Innate Abilities, Weirdness & Mutations

You have very sharp teeth.
Your uncanny sense of smell can sniff out nearby items.
Your experience applies equally to all skills.


Message History

Edmund hits you with a +4 dire flail of draining.
* * * LOW HITPOINT WARNING * * *
You feel drained.
* * * LOW HITPOINT WARNING * * *
You barely miss Edmund.
Edmund is severely wounded.
Edmund zaps a wand.
The puff of flame hits you.
* * * LOW HITPOINT WARNING * * *
You feel much better.
Edmund zaps a wand.
The puff of flame hits you!
You barely miss Edmund.
Edmund is heavily wounded.
Edmund asks, "Have you met my wondrous brother?"
You block Edmund's attack.
You hit Edmund.
Edmund is severely wounded.
Edmund misses you.
You hit Edmund but do no damage.
Edmund is severely wounded.
Edmund zaps a wand.
The puff of flame hits you.
You closely miss Edmund. Your bite misses Edmund.
Edmund is severely wounded.
Edmund hits you with a +4 dire flail of draining.
You feel drained.
You hit Edmund.
Edmund is severely wounded.
Edmund closely misses you.
You hit Edmund.
Edmund is almost dead.
Edmund hits you with a +4 dire flail of draining!
* * * LOW HITPOINT WARNING * * *
You feel drained.
* * * LOW HITPOINT WARNING * * *
You closely miss Edmund.
Edmund is almost dead.
You block Edmund's attack.
Okay, then.
You hit Edmund.
Edmund is almost dead.
Edmund zaps a wand.
The puff of flame hits you!
You die...

>.....# #....# ......#
#....# ......# #....#
......# #####....#
......#######........#
......)..............#
.....................#
.....................#
................@....#
########'####..@.....#
.....'......#........#
.....#......'........#
#..######...#........#
#..######...###'##+###
.............#..
........(....#..
#..######.##.#


You could see Edmund.

Vanquished Creatures
  Menkaure (D:5)
  A black bear (D:5)
  An ogre (D:5)
  2 scorpions (D:5)
  A gnoll sergeant (D:5)
  2 jellies (D:5)
  An orc priest (D:3)
  A hound (D:5)
  An iguana (D:5)
  An orc wizard (D:3)
  3 gnolls (D:5)
  7 adders
  3 dart slugs
  11 orcs
  11 ball pythons
  8 endoplasms
  4 goblins
  4 hobgoblins
  14 jackals
  4 kobolds
  2 quokkas
  A bat (D:1)
  2 frilled lizards
  4 rats
90 creatures vanquished.

Notes
Turn   | Place    | Note
-------+----------+-------------------------------------------
     0 | D:1      | zeram the Gnoll Fighter began the quest for the Orb.
     0 | D:1      | Reached XP level 1. HP: 23/23 MP: 1/1
   114 | D:1      | Reached XP level 2. HP: 29/29 MP: 2/2
   537 | D:1      | Reached XP level 3. HP: 35/35 MP: 3/3
   662 | D:2      | Found an ornate altar of the Wu Jian Council.
   898 | D:2      | Reached skill level 1 in Invocations
  1417 | D:2      | Reached skill level 1 in Short Blades
  1417 | D:2      | Reached skill level 1 in Long Blades
  1417 | D:2      | Reached skill level 1 in Maces & Flails
  1417 | D:2      | Reached skill level 1 in Polearms
  1417 | D:2      | Reached skill level 1 in Staves
  1417 | D:2      | Reached skill level 1 in Ranged Weapons
  1417 | D:2      | Reached skill level 1 in Throwing
  1417 | D:2      | Reached skill level 1 in Dodging
  1417 | D:2      | Reached skill level 1 in Stealth
  1417 | D:2      | Reached skill level 1 in Unarmed Combat
  1417 | D:2      | Reached skill level 1 in Spellcasting
  1417 | D:2      | Reached skill level 1 in Evocations
  2103 | D:3      | Reached XP level 4. HP: 23/41 MP: 5/5
  2519 | D:3      | Found a faded altar of an unknown god.
  2595 | D:3      | Reached skill level 1 in Conjurations
  2595 | D:3      | Reached skill level 1 in Hexes
  2595 | D:3      | Reached skill level 1 in Summonings
  2595 | D:3      | Reached skill level 1 in Necromancy
  2595 | D:3      | Reached skill level 1 in Translocations
  2595 | D:3      | Reached skill level 1 in Transmutations
  2595 | D:3      | Reached skill level 1 in Fire Magic
  2595 | D:3      | Reached skill level 1 in Ice Magic
  2595 | D:3      | Reached skill level 1 in Air Magic
  2595 | D:3      | Reached skill level 1 in Earth Magic
  2595 | D:3      | Reached skill level 1 in Poison Magic
  2622 | D:3      | Reached XP level 5. HP: 21/47 MP: 5/7
  3055 | D:3      | Found a faded altar of an unknown god.
  3058 | D:3      | Found a basalt altar of Yredelemnul.
  3341 | D:4      | Found a glowing silver altar of Zin.
  3743 | D:5      | Entered Level 5 of the Dungeon
  3749 | D:5      | Noticed a black bear
  3761 | D:5      | Killed a black bear
  3762 | D:5      | Reached skill level 5 in Axes
  3762 | D:5      | Reached XP level 6. HP: 44/53 MP: 7/9
  4327 | D:5      | Noticed Menkaure
  4332 | D:5      | Killed Menkaure
  4333 | D:5      | Reached XP level 7. HP: 60/60 MP: 10/10
  4435 | D:5      | Noticed Edmund
  4836 | D:5      | Found a shadowy altar of Dithmenos.
  5506 | D:5      | Killed from afar by Edmund

Illustrated notes

Levels and vault maps discovered:
D:1:      roderic_chinese_lattice_arrival, layout_basic
D:2:      layout_loops_ring, basic_altar
D:3:      layout_loops_corners, nicolae_overflow_ecumenical_swirl,
          shapermc_ecumenical_altar_flowoftime
D:4:      layout_cave_pools, mainiacjoe_overflow_chevrons, serial_column_ruins,
          column_ruins_hut_pillars, column_ruins_hut_ruined,
          column_ruins_columns_dead_end, column_ruins_open_tiny,
          column_ruins_columns_T, column_ruins_columns_straight, minmay_between
D:5:      layout_gridville, grunt_dithmenos_smoke_and_mirrors, minivault_1,
          uniq_edmund, uniq_menkaure

Skill      XL: |  1  2  3  4  5  6  7 |
---------------+----------------------+-----
Invocations    | 1 2 3 |  3.2
Short Blades   | 1 2 |  2.9
Long Blades    | 1 2 |  2.9
Maces & Flails | 1 2 |  2.9
Polearms       | 1 2 |  2.9
Staves         | 1 2 |  2.9
Ranged Weapons | 1 2 |  2.9
Throwing       | 1 2 |  2.9
Dodging        | 1 2 |  2.9
Stealth        | 1 2 |  2.9
Unarmed Combat | 1 2 |  2.9
Spellcasting   | 1 2 |  2.9
Evocations     | 1 2 |  2.9
Conjurations   | 1 2 |  2.3
Hexes          | 1 2 |  2.3
Summonings     | 1 2 |  2.3
Necromancy     | 1 2 |  2.3
Translocations | 1 2 |  2.3
Transmutations | 1 2 |  2.3
Fire Magic     | 1 2 |  2.3
Ice Magic      | 1 2 |  2.3
Air Magic      | 1 2 |  2.3
Earth Magic    | 1 2 |  2.3
Poison Magic   | 1 2 |  2.3
Axes           | 5 |  5.5
Fighting       | 7 |  7.2
Armour         | 7 |  7.2
Shields        | 7 |  7.2

Action                   |  1- 3 |  4- 6 |  7- 9 || total
-------------------------+-------+-------+-------++-------
Melee: War axe           |   101 |    89 |       ||   190
       Bite              |     5 |    14 |    13 ||    32
       Whip              |       |    37 |    96 ||   133
  Use: Scroll            |     7 |     4 |     1 ||    12
       Potion            |       |     7 |     1 ||     8
Armor: Scale mail        |    45 |    49 |    16 ||   110
Dodge: Dodged            |    53 |    59 |    41 ||   153
Block: Buckler           |    33 |    33 |    17 ||    83
